TOP OF THE 1ST |
Aberdeen Ironbirds batting - Pitching for Staten Island Yankees : RHP Ali Lowery
|
Pitching: RHP Ali Lowery
|
|
Batting: LHB Justin Stroud
|
0-0: Ball 1-0: Fly out, F7 (Flyball, 78S, EV 77.5 MPH)
|
Batting: RHB Danny Sandoval
|
0-0: Ball 1-0: Fly out, F7 (Flyball, 78D, EV 91.9 MPH)
|
Batting: RHB Alex Diaz
|
0-0: Called Strike 0-1: DOUBLE (Line Drive, 3D, EV 98.8 MPH)
|
Batting: SHB Fernando Fiscal
|
0-0: Called Strike 0-1: SINGLE (Groundball, 34D, EV 101.3 MPH) Alex Diaz to third
|
Batting: SHB Franklin Rincon
|
0-0: Called Strike 0-1: Ball 1-1: SINGLE (Groundball, 6MD, EV 98.1 MPH) Alex Diaz scores Fernando Fiscal to second
|
Batting: LHB Justin Fisher
|
0-0: Ball 1-0: Foul Ball, location: 7LMF 1-1: Ball 2-1: Ball 3-1: Base on Balls Fernando Fiscal to third Franklin Rincon to second
|
Batting: RHB Will Katzer
|
0-0: Foul Ball, location: 2F 0-1: Ball 1-1: Ball 2-1: Ball 3-1: Called Strike 3-2: Fly out, F9 (Flyball, 89M, EV 84.4 MPH)
|
Top of the 1st over - 1 run, 3 hits, 0 errors, 3 left on base; Aberdeen 1 - Staten Island 0 |
BOTTOM OF THE 1ST |
Staten Island Yankees batting - Pitching for Aberdeen Ironbirds : RHP Kevin Rodden
|
Pitching: RHP Kevin Rodden
|
|
Batting: LHB Jay Morrissey
|
0-0: Ball 1-0: SINGLE (Line Drive, 89S, EV 92.5 MPH)
|
Batting: RHB Bobby Tanner
|
0-0: Called Strike Jay Morrissey steals 2nd base 0-1: Ball 1-1: Ball 2-1: SINGLE (Flyball, 89S, EV 95.6 MPH) Jay Morrissey to third Runner from 3rd tries for Home, SAFE, throw by CF to home
|
Batting: LHB Tony Herrera
|
0-0: Ball 1-0: Called Strike 1-1: Ball 2-1: Swinging Strike 2-2: Ball 3-2: Strikes out swinging
|
Batting: SHB Ben Schultz
|
0-0: Ball 1-0: Bunt missed! 1-1: Fly out, F9 (Flyball, 9, EV 88.1 MPH)
|
Batting: SHB Matt Vuckovich
|
0-0: Ball Bobby Tanner steals 2nd base 1-0: Called Strike 1-1: Ball 2-1: Ground out 6-3 (Groundball, 6, EV 87.5 MPH)
|
Bottom of the 1st over - 1 run, 2 hits, 0 errors, 1 left on base; Aberdeen 1 - Staten Island 1 |
TOP OF THE 2ND |
Aberdeen Ironbirds batting - Pitching for Staten Island Yankees : RHP Ali Lowery
|
Batting: RHB Jason Towery
|
0-0: Ball 1-0: Foul Ball, location: 23F 1-1: Ground out 6-3 (Groundball, 6, EV 89.4 MPH)
|
Batting: RHB Aaron Gray
|
0-0: Foul Ball, location: 3FF 0-1: Ground out 6-3 (Groundball, 56, EV 76.9 MPH)
|
Batting: LHB Justin Stroud
|
0-0: SINGLE (Groundball, 6D, EV 95.6 MPH)
|
Batting: RHB Danny Sandoval
|
0-0: DOUBLE (Flyball, 78XD, EV 101.3 MPH) Justin Stroud to third
|
Batting: RHB Alex Diaz
|
0-0: SINGLE (Groundball, 4MD, EV 108.8 MPH) Justin Stroud scores Danny Sandoval to third
|
Batting: SHB Fernando Fiscal
|
0-0: Ball 1-0: SINGLE (Groundball, 2L, EV 66.9 MPH) (infield hit) Danny Sandoval scores Alex Diaz to second
|
Batting: SHB Franklin Rincon
|
0-0: Called Strike 0-1: Ball 1-1: Foul Ball, location: 3F 1-2: Ball 2-2: Foul Ball, location: 2F 2-2: Foul Ball, location: 25F 2-2: Fly out, F9 (Line Drive, 9S, EV 106.3 MPH)
|
Top of the 2nd over - 2 runs, 4 hits, 0 errors, 2 left on base; Aberdeen 3 - Staten Island 1 |
BOTTOM OF THE 2ND |
Staten Island Yankees batting - Pitching for Aberdeen Ironbirds : RHP Kevin Rodden
|
Batting: RHB Justin Roach
|
0-0: Called Strike 0-1: Ball 1-1: Ball 2-1: Foul Ball, location: 2RF 2-2: Foul Ball, location: 9LDF 2-2: Ball 3-2: SOLO HOME RUN (Flyball, 78XD, EV 104.4 MPH), Distance : 415 ft
|
Batting: SHB Victor de la Cruz
|
0-0: Reached on error, E5 (Groundball, 56, EV 105.6 MPH)
|
Batting: SHB Matt Van Winkle
|
0-0: Fielders Choice at 2nd, 1-4 (Groundball, 15S, EV 73.8 MPH)
|
Batting: RHB Ben DePriest
|
0-0: Ball 1-0: Ball 2-0: Ball 3-0: Base on Balls Matt Van Winkle to second
|
Batting: LHB Jay Morrissey
|
0-0: Called Strike 0-1: Grounds into double play, 4-6-3 (Groundball, 4, EV 98.8 MPH)
|
Bottom of the 2nd over - 1 run, 1 hit, 1 error, 1 left on base; Aberdeen 3 - Staten Island 2 |
TOP OF THE 3RD |
Aberdeen Ironbirds batting - Pitching for Staten Island Yankees : RHP Ali Lowery
|
Batting: LHB Justin Fisher
|
0-0: Called Strike 0-1: Ground out U3 (Groundball, 3, EV 84.4 MPH)
|
Batting: RHB Will Katzer
|
0-0: Called Strike 0-1: Foul Ball, location: 3F 0-2: Ball 1-2: Foul Ball, location: 5FF 1-2: Ball 2-2: Ground out 2-3 (Groundball, 2L, EV 73.8 MPH)
|
Batting: RHB Jason Towery
|
0-0: Ball 1-0: Foul Ball, location: 5DF 1-1: Ball 2-1: Foul Ball, location: 2F 2-2: Foul Ball, location: 9LSF 2-2: Ground out 6-3 (Groundball, 56, EV 103.1 MPH)
|
Top of the 3rd over - 0 runs, 0 hits, 0 errors, 0 left on base; Aberdeen 3 - Staten Island 2 |
BOTTOM OF THE 3RD |
Staten Island Yankees batting - Pitching for Aberdeen Ironbirds : RHP Kevin Rodden
|
Batting: RHB Bobby Tanner
|
0-0: Ball 1-0: SINGLE (Groundball, 34D, EV 98.1 MPH)
|
Batting: LHB Tony Herrera
|
0-0: Fielders Choice at 2nd, 3-6 (Groundball, 34S, EV 81.3 MPH)
|
Batting: SHB Ben Schultz
|
0-0: Called Strike Tony Herrera steals 2nd base 0-1: Ball 1-1: Called Strike 1-2: Ball 2-2: Ground out 6-3 (Groundball, 6, EV 102.5 MPH)
|
Batting: SHB Matt Vuckovich
|
0-0: TRIPLE (Flyball, 89D, EV 93.8 MPH) Tony Herrera scores
|
Batting: RHB Justin Roach
|
0-0: Ball 1-0: Ball 2-0: Ball 3-0: Called Strike 3-1: SINGLE (Groundball, 6MD, EV 97.5 MPH) Matt Vuckovich scores
|
Batting: SHB Victor de la Cruz
|
0-0: Called Strike 0-1: Ball 1-1: Ball Justin Roach steals 2nd base 2-1: Ball 3-1: Base on Balls
|
Batting: SHB Matt Van Winkle
|
0-0: Ball 1-0: Ball 2-0: Ball 3-0: Called Strike 3-1: Foul Ball, location: 2F 3-2: Base on Balls Justin Roach to third Victor de la Cruz to second
|
Batting: RHB Ben DePriest
|
0-0: Ball 1-0: Swinging Strike 1-1: Called Strike 1-2: Ball 2-2: Fly out, F2 (Popup, 5SF, EV 90.0 MPH)
|
Bottom of the 3rd over - 2 runs, 3 hits, 0 errors, 3 left on base; Aberdeen 3 - Staten Island 4 |
TOP OF THE 4TH |
Aberdeen Ironbirds batting - Pitching for Staten Island Yankees : RHP Ali Lowery
|
Batting: RHB Aaron Gray
|
0-0: Ball 1-0: SINGLE (Line Drive, 8LS, EV 81.3 MPH)
|
Batting: LHB Justin Stroud
|
0-0: Called Strike 0-1: Ball 1-1: Ball 2-1: Called Strike 2-2: Grounds into double play, 4-6-3 (Groundball, 34, EV 81.3 MPH)
|
Batting: RHB Danny Sandoval
|
0-0: Ball 1-0: Ground out 6-3 (Groundball, 6, EV 98.8 MPH)
|
Top of the 4th over - 0 runs, 1 hit, 0 errors, 0 left on base; Aberdeen 3 - Staten Island 4 |
BOTTOM OF THE 4TH |
Staten Island Yankees batting - Pitching for Aberdeen Ironbirds : RHP Kevin Rodden
|
Batting: LHB Jay Morrissey
|
0-0: Ground out 5-3 (Groundball, 56, EV 106.9 MPH)
|
Batting: RHB Bobby Tanner
|
0-0: SINGLE (Line Drive, 34D, EV 96.9 MPH)
|
Batting: LHB Tony Herrera
|
0-0: Called Strike 0-1: Ball 1-1: Called Strike Bobby Tanner steals 2nd base 1-2: Ground out U3 (Groundball, 3L, EV 95.6 MPH) Bobby Tanner to third
|
Batting: SHB Ben Schultz
|
0-0: Called Strike 0-1: Ball 1-1: Ball 2-1: Foul Ball, location: 23F 2-2: Foul Ball, location: 3F 2-2: Strikes out swinging
|
Bottom of the 4th over - 0 runs, 1 hit, 0 errors, 1 left on base; Aberdeen 3 - Staten Island 4 |
TOP OF THE 5TH |
Aberdeen Ironbirds batting - Pitching for Staten Island Yankees : RHP Ali Lowery
|
Batting: RHB Alex Diaz
|
0-0: Ball 1-0: Ball 2-0: Foul Ball, location: 9LDF 2-1: Ball 3-1: Ground out 5-3 (Groundball, 56, EV 84.4 MPH)
|
Batting: SHB Fernando Fiscal
|
0-0: Called Strike 0-1: Ball 1-1: DOUBLE (Line Drive, 9LS, EV 111.3 MPH)
|
Batting: SHB Franklin Rincon
|
0-0: 2-RUN HOME RUN (Flyball, 7D, EV 98.8 MPH), Distance : 379 ft
|
Pitching: RHP Israel Cardoza
|
|
Batting: LHB Justin Fisher
|
0-0: Called Strike 0-1: Ball 1-1: Swinging Strike 1-2: Fly out, F8 (Line Drive, 8RD, EV 100.0 MPH)
|
Batting: RHB Will Katzer
|
0-0: Ball 1-0: Foul Ball, location: 2F 1-1: Ground out 6-3 (Groundball, 6, EV 86.9 MPH)
|
Top of the 5th over - 2 runs, 2 hits, 0 errors, 0 left on base; Aberdeen 5 - Staten Island 4 |
BOTTOM OF THE 5TH |
Staten Island Yankees batting - Pitching for Aberdeen Ironbirds : RHP Kevin Rodden
|
Batting: SHB Matt Vuckovich
|
0-0: Foul Ball, location: 25F 0-1: Swinging Strike 0-2: Strikes out swinging
|
Pitching: RHP Victor Garza
|
|
Batting: RHB Justin Roach
|
0-0: Called Strike 0-1: Foul Ball, location: 3DF 0-2: Strikes out swinging
|
Batting: SHB Victor de la Cruz
|
0-0: Foul Ball, location: 2F 0-1: Ball 1-1: Ball 2-1: Called Strike 2-2: Ball 3-2: Base on Balls
|
Batting: SHB Matt Van Winkle
|
0-0: Foul Ball, location: 2F 0-1: Ball 1-1: Ball 2-1: Called Strike 2-2: Foul Ball, location: 9LSF 2-2: SINGLE (Line Drive, 34D, EV 104.4 MPH) Victor de la Cruz to second
|
Pinch Hitting: LHB Malik Robinson
|
0-0: Ball 1-0: Ball 2-0: Called Strike 2-1: Ball Wild Pitch! Victor de la Cruz to third Matt Van Winkle to second 3-1: Fly out, F8 (Line Drive, 8LM, EV 101.3 MPH)
|
Bottom of the 5th over - 0 runs, 1 hit, 0 errors, 2 left on base; Aberdeen 5 - Staten Island 4 |
TOP OF THE 6TH |
Aberdeen Ironbirds batting - Pitching for Staten Island Yankees : RHP Israel Cardoza
|
Now at 1B: Ricky Villarreal
|
|
Batting: RHB Jason Towery
|
0-0: Ball 1-0: Called Strike 1-1: Ball 2-1: Swinging Strike 2-2: Strikes out swinging
|
Batting: RHB Aaron Gray
|
0-0: Ball 1-0: Ball 2-0: Foul Ball, location: 25FF 2-1: Called Strike 2-2: Strikes out looking
|
Batting: LHB Justin Stroud
|
0-0: Foul Ball, location: 9LDF 0-1: Ball 1-1: Ball 2-1: Ball 3-1: Called Strike 3-2: Hit by Pitch
|
Batting: RHB Danny Sandoval
|
0-0: Called Strike 0-1: SINGLE (Line Drive, 78S, EV 101.9 MPH) Justin Stroud to second
|
Batting: RHB Alex Diaz
|
0-0: Fly out, F7 (Line Drive, 7, EV 100.0 MPH)
|
Top of the 6th over - 0 runs, 1 hit, 0 errors, 2 left on base; Aberdeen 5 - Staten Island 4 |
BOTTOM OF THE 6TH |
Staten Island Yankees batting - Pitching for Aberdeen Ironbirds : RHP Victor Garza
|
Batting: LHB Jay Morrissey
|
0-0: Ball 1-0: Swinging Strike 1-1: Swinging Strike 1-2: Foul Ball, location: 2LF 1-2: Foul Ball, location: 2F 1-2: Ball 2-2: Fly out, F7 (Flyball, 78M, EV 94.4 MPH)
|
Batting: RHB Bobby Tanner
|
0-0: Ball 1-0: Ball 2-0: Called Strike 2-1: Foul Ball, location: 5FF 2-2: DOUBLE (Line Drive, 89M, EV 106.9 MPH)
|
Batting: LHB Tony Herrera
|
0-0: Ball 1-0: Ball 2-0: Fly out, F7 (Flyball, 7S, EV 90.6 MPH)
|
Batting: SHB Ben Schultz
|
0-0: Called Strike 0-1: Called Strike 0-2: Foul Ball, location: 2F 0-2: Strikes out swinging
|
Bottom of the 6th over - 0 runs, 1 hit, 0 errors, 1 left on base; Aberdeen 5 - Staten Island 4 |
TOP OF THE 7TH |
Aberdeen Ironbirds batting - Pitching for Staten Island Yankees : RHP Israel Cardoza
|
Batting: SHB Fernando Fiscal
|
0-0: Called Strike 0-1: Swinging Strike 0-2: Ball 1-2: Strikes out looking
|
Batting: SHB Franklin Rincon
|
0-0: Swinging Strike 0-1: Ball 1-1: Fly out, F4 (Line Drive, 34, EV 64.4 MPH)
|
Batting: LHB Justin Fisher
|
0-0: Ball 1-0: Ball 2-0: Ball 3-0: Base on Balls
|
Batting: RHB Will Katzer
|
0-0: Ball 1-0: Ball 2-0: Ball 3-0: Base on Balls Justin Fisher to second
|
Batting: RHB Jason Towery
|
0-0: Swinging Strike 0-1: Foul Ball, location: 5F 0-2: Ball 1-2: Strikes out swinging
|
Top of the 7th over - 0 runs, 0 hits, 0 errors, 2 left on base; Aberdeen 5 - Staten Island 4 |
BOTTOM OF THE 7TH |
Staten Island Yankees batting - Pitching for Aberdeen Ironbirds : RHP Victor Garza
|
Pitching: RHP Jeff Lambert
|
|
Batting: SHB Matt Vuckovich
|
0-0: Ball 1-0: Foul Ball, location: 2F 1-1: Foul Ball, location: 9LSF 1-2: Hit by Pitch
|
Batting: RHB Justin Roach
|
0-0: Ball 1-0: Swinging Strike 1-1: Ball 2-1: Swinging Strike 2-2: Strikes out looking
|
Batting: SHB Victor de la Cruz
|
0-0: Foul Ball, location: 7LDF 0-1: Foul Ball, location: 7LMF 0-2: Ball 1-2: Foul Ball, location: 2F 1-2: Strikes out looking
|
Batting: SHB Matt Van Winkle
|
0-0: Called Strike 0-1: Ball 1-1: Called Strike Matt Vuckovich steals 2nd base 1-2: Ball 2-2: Foul Ball, location: 7LSF 2-2: 2-RUN HOME RUN (Flyball, 7D, EV 98.1 MPH), Distance : 380 ft
|
Pinch Hitting: LHB Zack Fross
|
0-0: Ball 1-0: Ball 2-0: Called Strike 2-1: Ball 3-1: Reached on error, E4 (Groundball, 34D, EV 77.5 MPH)
|
Batting: LHB Jay Morrissey
|
0-0: Ball 1-0: Called Strike 1-1: Ball 2-1: Ball 3-1: Base on Balls
|
Batting: RHB Bobby Tanner
|
0-0: Called Strike 0-1: Ball 1-1: Ball 2-1: Foul Ball, location: 23FF 2-2: Foul Ball, location: 3F 2-2: Foul Ball, location: 9LMF 2-2: Foul Ball, location: 9LDF 2-2: Ball 3-2: Foul Ball, location: 9LDF 3-2: Base on Balls Zack Fross to third Jay Morrissey to second
|
Pitching: RHP Robby Stamm
|
|
Batting: LHB Tony Herrera
|
0-0: Ball 1-0: Foul Ball, location: 7LDF 1-1: Fly out, F7 (Line Drive, 7S, EV 87.5 MPH)
|
Bottom of the 7th over - 2 runs, 1 hit, 1 error, 3 left on base; Aberdeen 5 - Staten Island 6 |
TOP OF THE 8TH |
Aberdeen Ironbirds batting - Pitching for Staten Island Yankees : RHP Israel Cardoza
|
Pitching: LHP Chris Gowland
|
|
Now at 1B: Mauricio Gonzales
|
|
Batting: RHB Aaron Gray
|
0-0: Ball 1-0: Ball 2-0: Called Strike 2-1: Ball 3-1: Called Strike 3-2: Base on Balls
|
Batting: LHB Justin Stroud
|
0-0: Called Strike 0-1: Swinging Strike 0-2: Strikes out swinging
|
Batting: RHB Danny Sandoval
|
0-0: Fly out, F6 (Line Drive, 6, EV 71.3 MPH) Lined into DP, 6-3 (Line Drive, 6, EV 71.3 MPH)
|
Top of the 8th over - 0 runs, 0 hits, 0 errors, 0 left on base; Aberdeen 5 - Staten Island 6 |
BOTTOM OF THE 8TH |
Staten Island Yankees batting - Pitching for Aberdeen Ironbirds : RHP Robby Stamm
|
Batting: SHB Ben Schultz
|
0-0: Ball 1-0: Foul Ball, location: 2F 1-1: Called Strike 1-2: Ball 2-2: Strikes out swinging
|
Batting: SHB Matt Vuckovich
|
0-0: Ball 1-0: Fly out, F5 (Popup, 25, EV 81.9 MPH)
|
Batting: RHB Justin Roach
|
0-0: Called Strike 0-1: SINGLE (Groundball, 6D, EV 96.3 MPH)
|
Batting: SHB Victor de la Cruz
|
0-0: SINGLE (Line Drive, 78M, EV 106.3 MPH) Justin Roach to second
|
Batting: SHB Matt Van Winkle
|
0-0: Ground out 4-3 (Groundball, 4, EV 88.8 MPH)
|
Bottom of the 8th over - 0 runs, 2 hits, 0 errors, 2 left on base; Aberdeen 5 - Staten Island 6 |
TOP OF THE 9TH |
Aberdeen Ironbirds batting - Pitching for Staten Island Yankees : LHP Chris Gowland
|
Batting: RHB Alex Diaz
|
0-0: Ball 1-0: Ball 2-0: Foul Ball, location: 25F 2-1: Foul Ball, location: 2F 2-2: SINGLE (Groundball, 34D, EV 96.9 MPH)
|
Batting: SHB Fernando Fiscal
|
0-0: SINGLE (Line Drive, 34, EV 95.6 MPH) Alex Diaz to second
|
Pinch Hitting: SHB Amari Spencer
|
0-0: Called Strike 0-1: Fly out, F9 (Flyball, 89D, EV 111.3 MPH)
|
Pinch Hitting: RHB Mario Fernandez
|
0-0: Ball 1-0: Called Strike 1-1: Ball 2-1: Swinging Strike 2-2: Strikes out swinging
|
Batting: RHB Will Katzer
|
0-0: Foul Ball, location: 2F 0-1: Called Strike 0-2: Fielders Choice at 3rd, U5 (Groundball, 5, EV 85.0 MPH)
|
Top of the 9th over - 0 runs, 2 hits, 0 errors, 1 left on base; Aberdeen 5 - Staten Island 6 |
|